Workbook
Name Countries: Countries!$A$2:$A$250
Name DevCells: '2. Progress towards outcomes'!#REF!
Name DevCells: #REF!
Name DevRatings: '2. Progress towards outcomes'!#REF!
Name DevRatings: #REF!
Name DevScore: #REF!
Name DevScore: _Calc!$D$20
Name ImpCells: '3. Implementation Progress'!$D$57:$M$59
Name ImpRatings: '3. Implementation Progress'!$D$57:$M$59
Name ImpScore: #REF!
Name ImpScore: _Calc!$D$21
Name NumRating: #REF!
Name NumRating: _Calc!$B$2:$B$9
Name TxtRating: #REF!
Name TxtRating: _Calc!$A$2:$A$9
Name Weights: #REF!
Name Weights: _Calc!$E$14:$I$14
Name Weights2: #REF!
Name Weights2: _Calc!$E$17:$H$17

Sheet Table of Contents
B6: FAO-GEF Project Implementation Report
B7: 2025 – Revised Template
B8: Period covered: 1 July 2024 to 30 June 2025
B9: Table of Contents
B10: =HYPERLINK("#'1. Basic project data'!N10","1. BASIC PROJECT DATA") -> 1. BASIC PROJECT DATA
B11: =HYPERLINK("#'2. Progress towards outcomes'!N11","2. PROGRESS TOWARDS ACHIEVING PROJECT OBJECTIVE(S) (DEVELOPMENT OBJECTIVE)") -> 2. PROGRESS TOWARDS ACHIEVING PROJECT OBJECTIVE(S) (DEVELOPMENT OBJECTIVE)
B12: =HYPERLINK("#'3. Implementation Progress'!N12","3. IMPLEMENTATION PROGRESS (IP)") -> 3. IMPLEMENTATION PROGRESS (IP)
B13: =HYPERLINK("#'4. Summary on progress'!N13","4. SUMMARY ON PROGRESS AND CHALLENGES") -> 4. SUMMARY ON PROGRESS AND CHALLENGES
B14: =HYPERLINK("#'5. ESS Risk'!N14","5.ENVIRONMENTAL AND SOCIAL SAFEGUARDS (ESS):RISKS FROM THE PROJECT") -> 5.ENVIRONMENTAL AND SOCIAL SAFEGUARDS (ESS):RISKS FROM THE PROJECT
B15: =HYPERLINK("#'6. Risks to the project'!N15","6. RISKS TO THE PROJECT") -> 6. RISKS TO THE PROJECT
B16: =HYPERLINK("#'7. Follow-up on Mid-term review'!N16","7. FOLLOW-UP ON MID-TERM REVIEW OR SUPERVISION MISSION") -> 7. FOLLOW-UP ON MID-TERM REVIEW OR SUPERVISION MISSION
B17: =HYPERLINK("#'8. Minor project amendments'!N17","8. MINOR PROJECT AMENDMENTS") -> 8. MINOR PROJECT AMENDMENTS
B18: =HYPERLINK("#'9. Stakeholders' Engagement'!N18","9. STAKEHOLDERS' ENGAGEMENT") -> 9. STAKEHOLDERS' ENGAGEMENT
B19: =HYPERLINK("#'10. Gender Mainstreaming'!N19","10. GENDER MAINSTREAMING") -> 10. GENDER MAINSTREAMING
B20: =HYPERLINK("#'11. Knowledge Management'!N20","11. KNOWLEDGE MANAGEMENT ACTIVITIES") -> 11. KNOWLEDGE MANAGEMENT ACTIVITIES
B21: =HYPERLINK("#'12. Indigenous & Local Involve.'!N21","12. INDIGENOUS PEOPLES AND LOCAL COMMUNITIES INVOLVEMENT") -> 12. INDIGENOUS PEOPLES AND LOCAL COMMUNITIES INVOLVEMENT
B22: =HYPERLINK("#'13. Co-Financing Table'!N22","13. CO-FINANCING TABLE") -> 13. CO-FINANCING TABLE
B23: =HYPERLINK("#'14. GEO Location'!N23","14. GEO LOCATION INFORMATION") -> 14. GEO LOCATION INFORMATION
B24: =HYPERLINK("#'Annex'!N26","Annex. Monitoring Area-based GEF Core Indicator Commitments and Progress with FERM") -> Annex. Monitoring Area-based GEF Core Indicator Commitments and Progress with FERM
B27: IMPORTANT DISCLAIMER:
B28: The final version of this PIR will be submitted to the GEF Secretariat.
B29: The report will then be publicly available on the GEF website (click here).
B30: Sensitive information should be submitted in Annex to be uploaded separately.
B31: In such cases, please contact faogef-pir-support@fao.org for guidance.

Sheet 1. Basic project data
B2: 1. Basic Project Data
B3: General Information
B4: Region: | E4: Africa
B5: Country(ies): | E5: Kenya
B6: Project Title: | E6: Restoration of Arid and Semi-arid lands (ASAL) of Kenya through Bio-enterprise Development and other incentives under The Restoration Initiative
B7: FAO Project Symbol: | E7: GCP/KEN/090/GFF
B8: GEF ID: | E8: 9556
B9: Type of Trust Fund(s): | E9: GFF
B10: GEF Focal Area(s): | E10: Biodiversity, Climate Change Mitigation, land Degradation, MFA
B11: Project Executing Partners: | E11: Kenya Forestry Research Institute (KEFRI), Kenya Forest Service (KFS), National Museums of Kenya (NMK), Northern Rangelands Trust (NRT), Laikipia Wildlife Forum (LWF)
B12: Initial project duration (years): | E12: 5 years
B13: Project Dates
B14: GEF CEO Endorsement Date: | E14: 43214
B15: Actual Agency Approval Date | E15: 43136
B16: Project Implementation Start Date/EOD: | E16: 43313
B17: First Disbursement Date | E17: 43383
B18: Planned Project End Date/NTE1: | E18: 45504
B19: Revised project implementation End date (if approved)2: | E19: 45838
B20: Actual Completion Date: | E20: 45838
B21: Expected Financial Closure Date: | E21: 46203
B22: Funding
B23: GEF Grant Amount (USD): | E23: 4157340
B24: Total GEF grant delivery (as of June 30, 2025 (USD): | E24: 4156144
B25: Total Co-financing amount (USD)3: | E25: ='13. Co-Financing Table'!K18 -> 12500000
B26: Total estimated co-financing materialized as of June 30, 20254: | E26: ='13. Co-Financing Table'!N18 -> 13473995
B27: M & E Milestones
B28: Date of Last Project Steering Committee (PSC) Meeting: | E28: 17th April 2025
B29: Expected Mid-term Review date5: | E29: N/A
B30: Actual Mid-term review date (if already completed): | E30: 44645
B31: Expected Terminal Evaluation Date6: | E31: 45656
B32: Overall ratings
B33: Overall rating of progress towards achieving objectives/outcomes (cumulative): | E33: =_xlfn.XLOOKUP(DevScore, NumRating, TxtRating, "Not Rated") -> Highly Satisfactory (HS)
B34: Overall implementation progess rating: | E34: =_xlfn.XLOOKUP(ImpScore, NumRating, TxtRating, "Not Rated") -> Highly Satisfactory (HS)
B35: Overall risk rating: | E35: ='6. Risks to the Project'!B42 -> Moderate
B36: Status
B37: Implementation Status (1st PIR, 2nd PIR, etc. Final PIR): | E37: 6th PIR
B40: 1 Date that was originally foreseen at the project’s operationalization and indicated in FPMIS. 2 If NTE extension has been requested and approved by the FAO-GEF Coordination Unit. 3 This is the total amount of co-financing as included in the CEO Document/Project Document. 4 Please refer to the Section 13 of this report where updated co-financing estimates are requested and indicate the total co-financing amount materialized. 5 The Mid-Term Review (MTR) should take place after the 2nd PIR, around half-point between EOD and NTE. The MTR report in English should be submitted to the GEF Secretariat within 4 years of the CEO Endorsement date. 6 The Terminal Evaluation date should be discussed with OED 6 months before the project’s NTE date.
B45: Project Contacts
B46: Contact | E46: Name, Title, Division/Institution | I46: E-mail
B47: Project Coordinator (PC) | E47: Meshack Muga | I47: Meshack.Muga@fao.org;meshackmuga@gmail.com
B48: Budget Holder (BH) | E48: Ms. Nyabenyi Tipo | I48: Nyabenyi.Tipo@fao.org
B49: GEF Operational Focal Point (GEF OFP) | E49: Dr. Eng. Festus K. Ng’eno, PhD, MIEK/ Principal Secretary, State Department for Environment and Climate Change | I49: psoffice@environment.go.ke
B50: Lead Technical Officer (LTO) | E50: Benjamin De Ridder, Forestry Officer, Forestry Division, FAO Rome | I50: Benjamin.DeRidder@fao.org
B51: GEF Technical Officer (GTO) | E51: Pierre Begat | I51: pierre.begat@fao.org
B54: Key Project Management Unit Personnel
B56: Please indicate the composition of the PMU as per the Terms of Reference in the ProDoc. If any new position was establised during the project implementation, please insert it accordingly.
B59: Position planned (as per ProDoc) | E59: Position filled (Yes/No) | F59: Start date, Name, Contact | J59: Comments
B61: Project Coordinator | E61: Yes | F61: March 2019, Meshack Muga, Meshack.Muga@fao.org
B63: Business development officer | E63: Yes | F63: March 2019, Elijah Mboko, Elijah.Mboko@fao.org
B65: Monitoring and Evaluation officer | E65: Yes | F65: May 2019, Patrick Mugi, Patrick.Mugi@fao.org

Sheet _Calc
A1: Rating text | B1: Score
A2: Highly Unsatisfactory (HU) | B2: 1
A3: Unsatisfactory (U) | B3: 2
A4: Moderately Unsatisfactory (MU) | B4: 3
A5: Moderately Satisfactory (MS) | B5: 4
A6: Satisfactory (S) | B6: 5
A7: Highly Satisfactory (HS) | B7: 6
A8: Unknown | B8: 0
A9: Not Rated | B9: 0
D12: for DevScore
D13: Person | E13: PM/Coord | F13: Budget Holder | G13: LTO | H13: GEF OFP | I13: GTO
D14: Weight % | E14: 20 | F14: 25 | G14: 25 | H14: 0 | I14: 30
D15: For ImpScore
D16: Person | E16: PM/Coord | F16: LTO | G16: GEF OFP | H16: GTO
D17: Weight % | E17: 25 | F17: 35 | G17: 0 | H17: 40
A19: Once you've filled in 2. Progress towards outcomes & 3. Implementation Progress
A20: Please double click and press enter on Cells D20 and D21 | D20: {=_xlfn.LET(_xlpm.hdrRow,MATCH("*Development*Objective*rating*",'2. Progress towards outcomes'!$C:$C,0),_xlpm.rRow,_xlpm.hdrRow+1,_xlpm.ratings,INDEX('2. Progress towards outcomes'!$D:$H,_xlpm.rRow,0),_xlpm.scores,_xlfn.XLOOKUP(_xlpm.ratings,TxtRating,NumRating,0),ROUND(SUMPRODUCT(_xlpm.scores,Weights)/SUM(Weights),0))} -> 6
D21: {=ROUND( SUMPRODUCT( _xlfn.XLOOKUP( CHOOSE({1,2,3,4}, '3. Implementation Progress'!D57, '3. Implementation Progress'!F57, '3. Implementation Progress'!H57, '3. Implementation Progress'!J57 ), TxtRating, NumRating, 0 ), Weights2 ) / SUM(Weights2), 0)} -> 6

Sheet Countries
A1: Select Country
A2: Afghanistan
A3: Åland Islands
A4: Albania
A5: Algeria
A6: American Samoa
A7: Andorra
A8: Angola
A9: Anguilla
A10: Antarctica
A11: Antigua and Barbuda
A12: Argentina
... A250: Zimbabwe

Sheet TypeofTrustFund
A1: Type of Trust Fund
A2: Capacity-building Initiative for Transparency (CBIT)
A3: Global Biodiversity Framework Fund (GBFF)
A4: Global Environment Facility Trust Fund (GFF)
A5: Least Developed Countries Fund (LDCF)
A6: Special Climate Change Fund (SCCF)
A7: Small Grants Program (SGP)

Sheet FocalArea
A1: Focal Area
A2: Multi Focal Area
A3: Biodiversity
A4: Chemicals and Waste
A5: Chemicals/PoPs
A6: Climate Change
A7: Climate Change Adaptation
A8: Climate Change Mitigation
A9: International Waters
A10: Land Degradation

Sheet 2. Progress towards outcomes
B1: 2. Progress towards Achieving Project Objective(s) (Development objective)
B3: (All inputs in this section should be cumulative from project start, not annual)
B5: Please indicate the project’s main progress towards achieving its objective(s) and the cumulative level of achievement of each outcome since the start of project implementation.
B6: Project or Development Objective | C6: Outcomes | D6: Outcome indicators | E6: Baseline | F6: Mid-term Target | G6: End-of-project Target | H6: Cumulative progress level at 30 June 2025 | I6: % of cumulative progress | J6: Progress rating
C7: Outcome 1: The national and county level policy and regulatory frameworks are strengthened to support forest and landscape restoration in Kenya | D7: Number of new or improved policies and regulatory frameworks* adopted that support forest and landscape restoration | E7: (i) Policy and legal framework review to guide scaling up of landscape restoration conducted in 2010 by KFS and the Kenya Landscape Restoration Technical Working Group (LRTWG), however, i.a) no FLR related plan exists at national level. i.b) Draft NR access and benefits sharing policy exists but had not been approved yet. i.c) No NTFPS specific policy exists. | F7: i.a) Road map for developing the FLR strategy i.b) NR access and benefits sharing policy approved i.c) Road map for developing the NTFPS management strategy | G7: i) 3 types as follows: i.a) 1 national FLR strategy, including a financial and M&E plan developed and approved. i.b) 1 NR access and benefits sharing policy i.c) 1 NTFPS management strategy | H7: A Five-year FLR Implementation Plan (FOLAREP 2023-2027) developed and incorporated into the broader strategy (National Landscape and Ecosystem Strategy). The FOLAREP has been domesticated at county level in Laikipia, Makueni and Taita Taveta Counties. An improved draft strategy for sustainable commercialization of Non-timber Forest Products (NTFPs) in Kenya has been developed and reviewed by the Technical Working Group and subjected to public participation Gums and Resins Regulations have been developed and submitted to the Attorney Generals chambers by Marsabit County Community registration Act 30 of 2022 has been developed for registering community groups with interest in various bio-enterprises. The Forest (Incentives and Equitable Benefit Sharing) regulations (2016) reviewed Draft Isiolo County Climate Change Policy developed and awaiting approval by the County Assembly 3 County Environmental Action Plans (CEAPs) for Isiolo, Laikipia and Marsabit Counties Isiolo County Prosopis species management plan developed and operationalized. Isiolo County Rangeland management bill is before County Assembly for approval. Laikipia County Rangeland bill is being developed for the management of rangelands and conservancies in the county. | I7: 0.95 | J7: Highly Satisfactory (HS)
C8: Outcome 2: 152,661 ha are under improved land management (including 8,700 ha directly restored and 55,352 ha indirectly restored) | D8: Area of landscapes under improved practices (hectares; excluding protected areas). | E8: i.a) Mt Kulal forest is not gazetted and is managed by CBO "WazeewaMazingira" (WWM). A plan for use of forest resources on Mt Kulal is being developed (draft ready by July 2017) with support from National Museums of Kenya (NMK) i.b) Mukogodo forest is managed by the ILMAMUSI Community Forest Association (CFA). Their management plan is outdated. i.c) Lekurruki conservancy management plan drafted. Include a “rangeland conditions improvement” objective i.d) Il Ngwesi, Oldonyiro and Leparua conservancy management plan outdated. (i.e) n/a (i.f) n/a (i.g) Makurian and KuriKuri group ranches have outdated management plans | F8: Mukogodo ILMAMUSI CFA management plan developed Actions planned under the “rangeland conditions improvement” objective are agreed upon Conservancies management plan developed, including rangeland restoration objectives Management plans updated, including rangeland restoration objectives | G8: (i) 152,661 ha in total, as follows: i.a) The total Mount Kulal forest core zone is under improved management (1,100ha) i.b) Mukugodo forest under improved management (30,189 ha total area, core zone: 2700 ha) i.c) Lekurruki conservancy is under improved management (15,872 ha) i.d) Il Ngwesi conservancy is under improved management (9,470 ha) (i.e) Oldonyiro conservancy is under improved management (52,500 ha) (i.f) Leparua conservancy is under improved management (34,200 ha) (i.g) Makurian and KuriKuri group ranches are under improved management | H8: 193, 931 ha are under improved practices. Participatory Forest Management Plan (PFMP) and a Forest Management Agreement (FMA)signed for Mt. Kulal core Zone (5,700Ha) and buffer zones(46,000Ha); A PFMP and a Forest Management Agreement (FMA)signed for Mukogodo forest (30,189 Ha); Lekurruki Management plan in place(15,872 Ha), Ilngwesi Management plan in place(9,470 Ha) and Leparua Mangement plan in place(34,200Ha) Kurikuri and Makurian group ranches transitioned to community lands and registered under the Community land Act 2016 | I8: 1 | J8: Highly Satisfactory (HS)
D9: Area of land undergoing restoration (hectares). | E9: In project implementation zone, restoration has not been implemented so far. Between the period of 1986 and 2014 the Mt Kulal Forest lost approximately 20% of its forest cover (Cuni Sanchez 2015). Mukogodo forest covers an area of 30,189 ha. According to Bussmann, 2009, the remaining forest area is much smaller, 2700 ha. Surrounding conservancies (rangelands) operated under NRT umbrella cover respectively: i) Lekurruki conservancy: 15,872 ha; ii) Il Ngwesi (9,470 ha), iii) Oldonyiro conservancy (52,500 ha), and iv) Leparua conservancy (34,200 ha) and the Makurian group ranch (5,390 ha) and KuriKuri group ranch (3,340 ha). | F9: FLR plans validated by third quarter of Y3 | G9: Direct restoration of 8,700 ha stratified as follows: ii. a) Natural Forest regeneration of 1,100 ha in MKBR (including the enrichment of 200 ha of critically degraded areas within the MKBR core zone); ii. b) 400 ha of improved grasslands in lower MKBR; ii. c) 200 ha of agroforestry in MKBR; ii. d) Natural forest regeneration of 1,000 ha in Mukugodo Forest; ii. e) Enrichment of 400 ha of critically degraded areas within Mukogodo forest); ii. f) 5,600 ha of improved grasslands in Mukogodo landscape. | H9: The initial 8,700 Ha target was revised downwards to 4000Ha by the Project Steering Committee (PSC) because of challenges faced by the project including COVID, Desert Locust Invasion,flooding and drought that was declared a national disaster. 4,593.42 Ha put under direct restoration. 82 Ha of enrichment, 3,142.69 Ha improved grasslands, 1,256.99 Ha under agroforestry and tree planting 111.74 Ha enrichment planting on critically degraded areas | I9: 1 | J9: Highly Satisfactory (HS)
D10: Number of ha directly contributing to biodiversity conservation and sustainable use | E10: All project sites have the potential to contribute to biodiversity conservation | F10: 75% of the draft management plans for the project sites (cf above) include biodiversity | G10: 152,661 ha (100% of the management plans for the project sites (cf above) include biodiversity | H10: 193,931 Ha under management plans and include biodiversity conservation | I10: 1 | J10: Highly Satisfactory (HS)
D11: Number of people directly benefiting from project activities (including capacity building events and trainings) (m/f) | E11: 0 | F11: 4060 HH | G11: circa 8120 HH | H11: 13,377HH 66,883 Beneficiaries (35,375M,31,508F) | I11: 1 | J11: Highly Satisfactory (HS)
D12: Level of Women and youth involvement in decision making at community level | E12: Qualitative indicator Included at Midterm review(MTR 2022) | F12: Early encouraging response to the project, initial engagement. | G12: Active Women and youth engagement, learning and commitment. | H12: Women majorly in the positions of treasurer in Mukogodo and Mt Kulal forest user groups(40%). Women take up deputy or vice positions in both ecosystems (56%) and the youth are majorly involved in secretarial duties. Ilmamusi CFA has 4 Women and 4 Youth in the CFA Board and has 11 out of 15 staff as youth. In Mt Kulal there are 14 Women and 8 youth in a management committee out of 45 members. They are referred to as elders and based on the positions they hold | I12: 1 | J12: Highly Satisfactory (HS)
C13: Outcome 3: Strengthened institutional capacities and financing arrangements are in place and facilitate large scale restoration | D13: Number of capacity building events and number of m/f attending | E13: 0 | F13: 2 events, 25 people trained, 13 male, 12 female | G13: 4 events, 50 people trained (25 male, 25 female) | H13: 13 Events, 130 people trained (88 male, 42 female) • Five TRI Global events held in Kenya(2) , South Korea, Rome,South Korea and Tanzania. There was also an online engagement during COVID-19. • Training of 2M staff on SEPAL. • Training of 1M, 1F staff from TRI(FAO and KEFRI) on The EX-Ante Carbon-balance Tool (EX-ACT) • XV World Forestry Congress in Seoul, Korea(2M,2F) • 16 Youth ( 11M, 6F) supported to participate in the first National Kenya Youth Conference held in Nairobi • Capacity building on tools for restoration monitoring workshop25(15M,10F) • Training on restoration Barometer and National stock take of forest and landscape restoration initiatives18(11M,7F) • Local ROAM training 30(18M,12F) • The capacity of National, County and Community resource persons on planning, implementation, and monitoring of FLR activities built (18 M and 5 F). • 1 ROAM training conducted by BBC International Consultants (12 M, 6F) • 2 Biophysical data collection/Mapathon training (13 M and 5 F) | I13: 1 | J13: Highly Satisfactory (HS)
D14: Evidence of increased capacities of community land management committees | E14: 30% Ave. Institutional capacity assessment Isiolo County Department of Environment - 24.4% Laikipia County Department of Environment - 26.7% Marsabit County Department of Environment - 37.8% ILMAMUSI CFA - 33.3% Mt. Kulal CFA - 26.7% | F14: Increased capacity level evidenced through scorecards | G14: Increased capacity level of community conservancies and CFAs | H14: Isiolo County Department of Environment - 39% Laikipia County Department of Environment - 34 % Marsabit County Department of Environment - 33% ILMAMUSI CFA - 37% Mt. Kulal CFA - 30% | I14: 1 | J14: Highly Satisfactory (HS)
D15: Number of cross-sectoral government-led coordination mechanisms and/or frameworks incorporating and supporting restoration established/strengthened at national and sub-national levels in TRI countries | E15: While there is a FLR Working Group hosted by KFS, its aim and objectives are limited to project level activities and do not focus on policy and institutional coordination aspects | G15: 1 National coordination mechanism in place for FLR planning, resources mobilization, coordinating of implementation and monitoring | H15: 1 National coordination mechanism in place - FOLAREP coordination structure; 1 TWG on Non-Timber Forest Products. 1 TWG on FLR Monitoring 1 TWG on FLR Knowledge management FOLAREP cascaded to Laikipia, Makueni and Taita Taveta Counties and coordinating committees put in place | I15: 1 | J15: Highly Satisfactory (HS)
D16: Number of investment tools developed/improved to support FLR initiatives (i.e. bankable projects, credit lines to bio-enterprises, functional FMCTF) | E16: A Forest Conservation and Management Trust Fund (FCMTF) is being established but is not operational yet | G16: At least 3 investment tools are developed or improved (i.e., bankable projects, credit lines to bio-enterprises, functional FMCTF, etc.) | H16: 14 Bankable projects developed and submitted for funding. 7 Already funded. | I16: 0.95 | J16: Satisfactory (S)
D17: Value of resources (public, private, development partners) flowing into restoration | E17: 40,000,000 USD | F17: 20,000,000 USD | G17: 40,000,000 USD | H17: Total of funds reported by government and partners working in the area= USD 114,208,058 | I17: 1 | J17: Highly Satisfactory (HS)
C18: Outcome 4: Improved FLR monitoring, reporting and knowledge dissemination at national level (including for the NCP) | D18: Number of operational FLR information systems established | E18: Currently there is no harmonized FLR information system. | F18: Partnership signed with service provider by end Y1 | G18: (i) A national FLR Knowledge Management system is developed and implemented Info Hub for KM on FLR fully operative under DF and providing information to stakeholders Y3-Y5 | H18: A National Knowledge Management System (KMS/Portal) for FLR https://flr.kefri.org | I18: 1 | J18: Highly Satisfactory (HS)
D19: Number of Participation in TRI Annual Knowledge Sharing events, Biennial Restoration Finance events, and TRI-sponsored South-South exchanges that address restoration. | E19: No participation yet | G19: Participation in 8 events | H19: 10 Events XV World Forestry Congress 3 Day - TRI Knowledge Sharing Webinar Series 1st global TRI workshop 2nd global TRI workshop GEF Retreat in Nairobi (FLRM) Sixth Advisory Group and Knowledge sharing event 5th TRI global event held in Dare salaam Tanzania Ex-Ante Carbon Balance Tool v.9.4 training 4th TRI Global Knowledge Sharing meeting in Nairobi Kenya National Landscape Restoration Scaling Conference 2022 | I19: 1 | J19: Highly Satisfactory (HS)
D20: Number of TRI-Kenya knowledge products developed, disseminated and accessed through relevant knowledge platforms | E20: 0 knowledge products | F20: 5 knowledge products | G20: 10 knowledge products | H20: 44 Knowledge products | I20: 1 | J20: Highly Satisfactory (HS)
D21: Number of lessons learned on forest landscape restoration shared and accessed by stakeholders | E21: 0 | F21: 5 | G21: 10 | H21: 25 lessons learned documented and shared (lessons learned) | I21: 1 | J21: Highly Satisfactory (HS)
B23: Average Cumulative progress toward outcomes (%) | C23: Time elapsed since project start/EOD vs Planned Project End Date | D23: % of delivery
B24: =IFERROR(AVERAGE(I7:I21),"") -> 0.99333333 | C24: =IF(OR('1. Basic project data'!E16="",'1. Basic project data'!E18=""),"",(TODAY()-'1. Basic project data'!E16)/('1. Basic project data'!E18-'1. Basic project data'!E16)) -> 1.1848471 | D24: =IF('1. Basic project data'!E23=0,"",'1. Basic project data'!E24/'1. Basic project data'!E23) -> 0.99971232
B30: Development Objective (DO) Ratings, and Overall Assessment
B31: Please note that the overall DO ratings should be substantiated by evidence and progress reported above. The ratings and comments should reflect the overall progress of results since project start
C33: FY2025 Development Objective rating¹ | D33: Project Manager/ Coordinator | E33: Budget Holder | F33: Lead Technical Officer | G33: GEF Operational Focal Point | H33: GEF Technical Officer (GTO)
D34: Highly Satisfactory (HS) | E34: Highly Satisfactory (HS) | F34: Highly Satisfactory (HS) | G34: Highly Satisfactory (HS) | H34: Highly Satisfactory (HS)
C35: Comments/reasons¹² justifying the ratings for FY2025 and any changes (positive or negative) in the ratings since the previous reporting period | D35: Most of the major global and national environmental objectives targeted by the project have been successfully achieved, with sustainability measures firmly established and a wide range of beneficiaries reached. Implementation across all four project components has been satisfactorily completed, with many targets surpassed despite significant challenges, including the COVID-19 pandemic, desert locust invasion, and prolonged drought. Notably, the project also met the revised restoration targets set during the Mid-Term Review (MTR), which had been adjusted in response to the extended dry spells and other external factors. | E35: From 2018 to 2025, the project thrived on strong partnerships and community engagement, especially in Marsabit, Isiolo, and Laikipia counties. Despite setbacks from COVID-19, climate change, and droughts, it delivered significant results across its four core components. These include micro-enterprise support, a national NTFP strategy, and strengthened value chains such as honey and indigenous fruits. Community participation, inclusion of vulnerable groups, and adaptive management were key strengths. The project has generated momentum for continued restoration and value chain development, with opportunities to explore sustainability through carbon credits and water funds. Government commitment and potential for scale-up remain strong. | F35: The project was implemented succesfully in collaboration with many partners (both Government and non-Government) and despite the revision of initial target for area under restoration, valuable knowledge and good practices were demonstrated and taken up by other programmes and stakeholders. The ASAL region faces multiple challenges and the project worked in collaboration with local Counties and communties to deliver tangibe results on the ground, exceeding the number of hectares under sustainable management. Key highlight was also the recognition of community land which is cruscial for long-term investment and buy-in. | G35: This project has successfully achieved its objectives and stands as a strong example of how integrated restoration and livelihood approaches can generate measurable environmental, social, and economic outcomes in climate-vulnerable ASAL regions. Its achievements and lessons offer a scalable model for future landscape restoration efforts across Kenya and beyond. The TRI project has made a significant contribution to both global and national environmental goals through actions aligned with international commitments and national strategies | H35: Project implementation has delivered against objectives, while overcoming the challenges along the way (droughts, locust invasion, pandemic, target revisions, complex stakeholder setting). The project has laid conducive groundwork for other counties and communities to replicate the approach and supported the adoption of the FOLAREP.
B40: Measures to address MS, MU, U and HU ratings on Section 2 above
B43: Outcome | D43: Action(s) to be taken | F43: By whom? | H43: By When?
B45: 7 Some indicators may not identify mid-term targets at the design stage (refer to approved results framework) therefore this column should only be filled when relevant. 8 Use GEF Secretariat required six-point scale system: Highly Satisfactory (HS), Satisfactory (S), Moderately Satisfactory (MS), Moderately Unsatisfactory (MU), Unsatisfactory (U), and Highly Unsatisfactory (HU).

Sheet 3. Implementation Progress
B1: 3. Implementation Progress (IP)
B3: (Please indicate progress achieved during this FY as per the Implementation Plan/Annual Workplan)
B5: Outcomes and outputs | D5: Indicators (as per the logical framework) | F5: Main achievements in the last 12 months (please DO NOT repeat results reported in previous year PIR) | L5: Describe any variance 9 in delivering outputs
B7: Outcome 1. The national and county level policy and regulatory frameworks are strengthened to support forest and landscape restoration in Kenya
B8: Output 1.1 An FLR strategy is developed, including a road-map and a monitoring framework to bridge the FLR gaps in the policy framework | D8: 1 FLR strategy developed | F8: The Forest and Landscape Restoration Plans (FOLAREPs) for Laikipia, Makueni, and Taita Taveta counties were developed in alignment with the 15 Billion National Tree Growing Programme and the National Landscape and Ecosystem Restoration Strategy (2023–2032). The FOLAREPs for Makueni and Taita Taveta were officially launched.
F11: https://www.cifor-icraf.org/knowledge/publication/33143/
B12: Output 1.2 Domestication of relevant international, national NRM policies is facilitated at the county and local levels, especially as it relates to FLR | D12: Recommendations made towards the amendment of existing laws at the county level to address any policy gap | F12: Domestication of Forest and Landscape Restoration plan(FOLAREP) in Laikipia County supported by TRI while in Makueni and Taita Taveta counties was conducted through FAO collaboration with CIFOR-ICRAF through UKPACT support. https://unfao.sharepoint.com/:b:/s/faoKE/EZnvdcVa6XxLmWNLBgYziB8B8h4doLqEJG2M2DZ29tK8qQ?e=OiprWV https://www.facebook.com/100064769376543/posts/1143942404441395/?rdid=tMrOnFg6BC55obLF#
F14: https://unfao.sharepoint.com/:b:/s/faoKE/EatVNY0LQ-NLnaHbKNbQRzQB9ba5bdnaNU3PJHSJ4aaxnA?e=hNL0B4
F15: https://unfao.sharepoint.com/:b:/s/faoKE/EeRC8tfhqzNLkjSnESm0r1ABMGXUVfMj2-7nRvyET3uvnw?e=yo5vSH
B16: Output 1.3 Policy framework for management and utilization of NTFPS is developed and adopted | D16: Natural resources access and benefits sharing regulations developed | F16: An improved draft of the National Strategy for Sustainable Commercialization of Non-Timber Forest Products (NTFPs) and Services was developed following stakeholder consultations during public participation forums held in the remaining two of seven clusters—Upper Northeastern (in Garissa) and Central (in Nyeri) in October 2024. The final draft was subsequently submitted to the Ministry of Environment, Climate Change and Forestry.
B20: Outcome 2: 152,661 ha are under improved land management (including 8,700 ha directly restored and 55,352 ha indirectly restored)
B21: Output 2.1 Ecosystem services are assessed and characterized and land use and land cover changes in selected forests and rangelands are assessed | D21: Assessment of the level of land degradation at county/site level undertaken Maps of local restoration opportunities for each restoration option produced | F21: A dossier for the designation of Mt. Kulal as an Important Bird Area (IBA)/Key Biodiversity Area (KBA) was prepared. Datasets were validated using the IBA nomination form, and approval for submission to the Global Secretariat was secured by the IBA Secretariat. Land use and land cover changes in Mukogodo Forest for the years 2018, 2021, and 2024 were analyzed, and maps illustrating direct restoration stratified by land management practices were produced. A carbon assessment conducted using the Forest and Landscape Restoration (FLR) Carbon Storage Calculator indicated that 100,000 tons of carbon had been sequestered over the past five years, with a projected potential of 250,000 tons to be sequestered over the next 20 years.
B25: Output 2.2 FLR activities are implemented in the two targeted landscapes and ecosystem management plans and community action plans for selected landscapes are developed and implemented | D25: Area of land restored using various restoration techniques. | F25: Rehabilitation of Mt. Kulal community water infrastructure was carried out. This included: repair of Karlas reservoir tank roof; repair of a reservoir tank; repair of Luai cattle trough; construction of a new small stock trough at Luai and a new spring at Ladarchap (B). 2101.34 ha of direct restoration was undertaken 264 hectares was put under restoration and reseeded in 4 conservancies in Mukogodo landscape namely Nanapisho, Naapu, Il Ngwesi and Lekurruki. 1225.37 ha soil and water conservation through vallerani systems, semi circular bands and grass reseeding. 57.6 ha on agroforestry (12,993 fruits, 1056 other agroforestry seedlings) 3,000 seedlings distributed to farmers and institutions to restore about 7.5 ha.
B28: Output 2.3 Knowledge base on NTFPS in the two targeted landscapes and their commercial potential is generated | D28: NTFPS value chain assessed | F28: No assessment targeted
B31: Output 2.4 Bio-enterprises products and services are promoted and commercialized. | D31: No and type of Bio enterprises promoted. | F31: Support to Value Addition, Market Linkages, and Capacity Building Equipment Installation: Two pasteurizers and one deep freezer were delivered and installed at the Laikipia Permaculture Centre (LPCT) to support value addition for honey and aloe products. Market Linkages and Partnerships: Four groups—Dupoto Cooperative, Nabulu Mukuri Self-Help Group, Twala Women’s Group, and Naitabaya Women’s Group—signed Memoranda of Understanding (MoUs) with LPCT for the purchase and marketing of honey and aloe products, enhancing market linkages and product commercialization. Product Certification Efforts: Eight products were submitted to the Kenya Bureau of Standards (KEBS) for certification: Processed honey by Twala, Dupoto, Naitabaya, and LPCT Aloe soap by Nabulu Mukuri and Naitabaya Aloe body cream by Nabulu Mukuri Aloe juice by LPCT Three products were successfully certified. Four honey samples initially failed to meet KEBS standards but were later resubmitted and are currently awaiting results. The aloe juice sample was submitted later and is also pending results. Support to Gums and Resins Sector: Technical support was extended to the Gum Arabic and Resins Association (GARA) to help revitalize the association and develop a concept note on gums and resins. Capacity Building and Training: Soap Making Training: 24 participants (4 men, 20 women)—six from each of the four groups—were trained at LPCT. Honey Harvesting Training: Another 24 participants (5 men, 19 women) were trained at the Twala Tenebo Cultural Manyatta.
B34: Outcome 3. Strengthened institutional capacities and financing arrangements are in place and facilitate large scale restoration and maintenance of critical landscapes
B35: Output 3.1 Counties capacities in implementing FLR relevant policies are strengthened. | D35: Capacity built on FLR | F35: Exit Strategy, Capacity Building, and Mentorship Support Exit Strategy Development: An Exit Strategy Action Plan was developed through a participatory process involving 23 County and National institutions. The plan outlines achievements, existing gaps, strategies, assigned responsibilities, and timelines for each project outcome to support a smooth transition and sustainability. Capacity Building for Eco-Tourism Management: Mt. Kulal Biosphere Community Forest Association (KBCFA) site managers were trained on eco-tourism management, sustainable visitor handling, and financial sustainability. This training aimed to equip them with the skills needed to manage eco-tourism activities sustainably, ensuring long-term community benefits and biodiversity conservation. Training on Financial Management and Governance: A total of 27 participants (6 men and 21 women), including 24 group representatives and 3 staff members from the Laikipia Permaculture Centre (LPCT), were trained on financial management, record keeping, and governance. Group Mentorship and Progress Monitoring: Following the training, 16 mentorship sessions were conducted for each of the four groups—Twala Women’s Group, Dupoto Cooperative, Nabulu Mukuri Self-Help Group, and Naitabaya Women’s Group—by LPCT staff at the respective group sites. These saessions provided a crucial platform for: Monitoring group progress Addressing group-specific challenges Strengthening governance structures Enhancing financial and record-keeping practices Identifying new opportunities for growth and sustainability
B38: Output 3.2 Community land management committees are set-up and working in targeted project sites | D38: Capacity increase In community Land management committees | F38: Community Empowerment, Awareness, and Knowledge Exchange Project Proposal Development: Six (6) project proposals were developed and submitted for funding as follows: Isiolo County: 1 proposal Marsabit County: 2 proposals Laikipia County: 2 proposals Gum Arabic and Resins Association (GARA): 1 proposal Walk Wild Awareness Event – Mukogodo Forest: ILMAMUSI CFA successfully organized the Third Edition of the Walk Wild event, aimed at raising awareness and mobilizing resources for the conservation of Mukogodo Forest. 617 participants (271 men, 346 women) from 30 organizations attended physically. Additional outreach was achieved via digital platforms through a video clip. The first and second editions were supported by FAO under the Kenya ASAL project, while the third edition was fully organized and funded by the CFA, demonstrating increased ownership and sustainability beyond project support. Showcasing of NTFP Products: High-quality Non-Timber Forest Products (NTFPs) developed by supported groups were showcased at the Nairobi International Trade Fair and the Maa Cultural Festivals, enhancing product visibility and market access. Training and Capacity Development: 11 community monitors (8 men, 3 women) were trained—5 in Mukogodo and 6 in Mt. Kulal—to strengthen local monitoring of restoration and conservation activities. 24 representatives (14 men, 10 women) from Mt. Kulal CFA were trained on tree nursery establishment and management, including grafting techniques, to enhance seedling quality and forest restoration efforts. 24 group members (5 men, 19 women) from the four targeted groups—Dupoto Cooperative, Nabulu Mukuri Self-Help Group, Twala Women’s Group, and Naitabaya Women’s Group—participated in two exchange visits held at Twala Tenebo Cultural Manyata and LPCT headquarters. These visits promoted peer learning, knowledge sharing, and inspired participants to overcome challenges and strengthen their enterprises.
B42: Output 3.3 Restoration initiatives are coordinated at the national level | D42: National restoration coordination mechanism established | F42: 7th National PSC meeting conducted and County Stakeholders forum supported and a sustainability plan with actions by the stakeholders developed
B46: Output 3.4: Access to climate and restoration finance is improved | D46: Financing Mechanisms in place | F46: The County Government of Laikipia secured Kshs. 12.5 million in conservation financing, while three conservancies—Lekuruki, Illigwesi, and Upper, Middle, and Lower Naibunga—each received Kshs. 42 million. Additionally, all three counties accessed funding through the Financing Locally Led Climate Action (FLLoCA) Programme, supported by the World Bank. FAO, in collaboration with CIFOR-ICRAF and with support from UKPACT (USD 202,500), facilitated the development of Forest and Landscape Restoration Plans (FOLAREPs) for Makueni and Taita Taveta Counties, which were officially launched in June 2025. In Marsabit County, the Voice for Climate Action (VCA) programme supported Ward Climate Change Planning Committees (WCCPCs) with Kshs. 1.8 million to establish tree nurseries. Furthermore, the development of the Marsabit Gums and Resins Strategy was supported by the World Food Programme (WFP), GIZ, and the Marsabit County Government, with a combined contribution of Kshs. 4 million.
B47: Outcome 4: Improved FLR monitoring, reporting and knowledge dissemination at national level and Project implementation based on result-based management
B48: Output 4.1 A national FLR Knowledge Management System is developed and implemented | D48: Broadcast/Video on the results of the project prepared | F48: KEFRI finalized and launched the National Forest Landscape Restoration (FLR) Knowledge Management System through a participatory process involving diverse stakeholders. A retreat in Machakos (July–August 2024) produced a working system, later tested and finalized in January 2025 with user and admin guidelines. Hosted at https://flr.kefri.org, the platform features 6 blog posts, 48 users, 18 publications, 10 how-to guides, 8 good practices, 7 lessons learnt, and 4 project profiles. A January 2025 training built user capacity. Sustainability is supported by KEFRI’s ICT and KM teams and integrated into national FLR efforts, with stakeholders encouraged to contribute content.Six radio talks were held at Ujuzi radio with representatives from Laikipia Permaculture (LPCT) and the target groups.
B49: Output 4.2 Knowledge shared and received within Kenya and outside. | D49: Knowledge products with stakeholders from other countries shared | F49: A total of 44 visibility and knowledge sharing materials were produced to enhance outreach, awareness, and technical dissemination. These included: 6 newsletter articles, 1 blog post, 1 virtual tour video, 1 Important Bird Area (IBA) poster for Mt. Kulal, 1 agroforestry pamphlet, 6 radio talk shows, 2 showcases, 1 product brochure, 4 banners developed for the four supported groups, 2 general articles, 1 monograph detailing species’ conservation status, ecological roles, and traditional uses in Mt. Kulal, 1 scientific paper, updated Red List status for over 1,000 species and 2 new plant species records for Mt. Kulal, 10 conservation action plans for ten priority plant species in Mt. Kulal,. These materials supported awareness creation, policy dialogue, scientific research dissemination, and community engagement on biodiversity conservation and sustainable land management.
B50: Output 4.3 Project monitoring system providing systematic information on progress in meeting project outcomes and output targets implemented | D50: Results-based project monitoring system in place as well as monitoring of FPIC and community consultation processes | F50: Mukogodo Forest Land Cover Change (2018–2024): A forest change map was developed to assess land cover transitions over the past six years. Key findings include: Forest cover increased from 10,331.34 ha (2018) to 11,521.38 ha (2021) and further to 12,972.14 ha (2024), indicating a positive trend in forest restoration. Grassland area expanded from 5,478.56 ha (2018) to 12,621.69 ha (2021) and reached 13,477.50 ha (2024), reflecting improved ground cover and rangeland health. Other lands decreased from 14,306.68 ha (2018) to 5,973.51 ha (2021) and then to 3,666.94 ha (2024), signifying reduced land degradation and better land use management. Exit Strategy Action Plan: A participatory process involving 38 stakeholders (13 females and 25 males) from 23 institutions led to the development of an Exit Strategy Action Plan. The plan outlines: Project achievements, Existing gaps and Recommended strategies Clearly assigned responsibilities There are timelines for each project outcome.This strategy is intended to ensure sustainability and continued progress beyond the project lifecycle.
D52: Implementation Progress (IP) , and Overall Assessment
B53: Please note that the overall IP ratings should be substantiated by evidence and progress reported above. The ratings and comments shoud reflect the overall progress of results during the fiscal year (July 1 2024, to June 30, 2025)
D54: Project Manager/ Coordinator | F54: Lead Technical Officer | H54: Budget Holder | J54: GEF Operational Focal Point | L54: GEF Technical Officer (GTO)
B57: FY2025 Implementation Objective rating10 | D57: Highly Satisfactory (HS) | F57: Highly Satisfactory (HS) | H57: Highly Satisfactory (HS) | J57: Highly Satisfactory (HS) | L57: Highly Satisfactory (HS)
B60: Comments/reasons justifying the ratings for FY2025 and any changes (positive or negative) in the ratings since the previous reporting period | D60: All pending activities under the project's four components were satisfactorily completed, and many targets were exceeded despite the challenges posed by drought. The remaining restoration targets identified during the Mid-Term Review were also achieved. Significant progress was made in the bio-enterprise component, which enhanced community livelihoods and supported long-term sustainability. Furthermore, the project contributed to the decentralization of national restoration efforts by cascading the National Landscape and Ecosystem Restoration Strategy and the Forest and Landscape Restoration Action Plan (FOLAREP) to three counties. An exit strategy was developed to help sustain the gains achieved through the project. | F60: A key highlight was the substantial progress made under the bio-enterprise component, which plays a critical role in enhancing community livelihoods and ensuring the sustainability of project outcomes. Furthermore, the project made notable strides in decentralizing national strategies by cascading the national landscape and ecosystem restoration strategy and Forest and landscape Restoration Implementation Action Plan (FOLAREP) to at least three counties. | H60: The project recorded significant milestones by building on earlier efforts and accelerating impact across its four core components. Despite the challenges of prolonged drought and climate-related shocks, many targets were not only met but exceeded. The cascading of national restoration efforts to the counties through the FOLAREPs laid a strong foundation for county-level ownership and policy alignment. Adaptive management and robust partnerships enabled the project to overcome implementation challenges, complete all pending activities, and remain responsive to local needs and changing conditions. Continued government commitment and strong momentum at both national and county levels have positioned the initiative well for future scale-up. | J60: The project recorded key milestones in its final year, reinforcing earlier global and national efforts on climate and environmental action. Despite prolonged droughts and climate-related shocks, it met its objectives—reflecting strong institutional, partner, and community commitment. Its contribution to the policy environment for FLR was key. The domestication and implementation of FOLAREP laid a firm foundation for devolved ownership, better coordination, and policy alignment with national priorities such as the 15 Billion Tree Programme and the National Restoration Strategy. mments | L60: The PMU and overall project taskforce managed to overcome several implementation challenges (pandemic, droughts etc.) to deliver on intended results.
B65: 9 Variance refers to the difference between the expected and actual progress at the time of reporting. 10 Implementation Progress Rating – A rating of the extent to which the implementation of a project’s components and activities is in compliance with the projects approved implementation plan.

Sheet 4. Summary_Progress & Challenge
B2: 4. Summary on progress and challenges
B3: Please provide a summary paragraph on project implementation progress consistent with the information reported in section 2 and 3 of the PIR (Max 400 words) (This section will be uploaded to the GEF portal)
B5: The Food and Agriculture Organization (FAO), in collaboration with the Government of Kenya and with financial support from the Global Environment Facility (GEF-6), implemented a restoration project under The Restoration Initiative (TRI). Running from 2018 to 2025, the project targeted the Mount Kulal Biosphere Reserve (Marsabit) and Mukogodo Forest Landscape (Isiolo and Laikipia)—critical ecosystems in Kenya’s ASAL regions highly vulnerable to climate change. The project aimed to restore degraded and deforested lands using the Forest and Landscape Restoration (FLR) approach while promoting sustainable livelihoods through the development of bio-enterprises based on Non-Timber Forest Products and Services (NTFPS). The project also sought to strengthen policy and institutional frameworks, improve land management practices, and build knowledge and monitoring systems. A number of key achievements were realized. The project supported the development of the National Forest and Landscape Restoration Implementation Action Plan (FOLAREP) and domestication of the same in Laikipia, Makueni, and Taita Taveta counties. Key strategies and regulations were developed, including the National NTFP Strategy, the Gums and Resins Strategy for Marsabit, and national Gums and Resins Regulations. County Environment Action Plans (CEAPs) were formulated, and support was given to the Isiolo County Climate Change Policy. A total of 4,593 hectares were directly restored and 193,931 hectares were brought under improved land management. Forest Management Plans and conservancy management plans were developed and operationalized across the two landscapes. The project is estimated to mitigate over 1 million tons of CO₂e over 20 years. A total of 130 stakeholders participated in training events, 14 bankable projects were developed, and 7 secured funding. Partnerships were strengthened across sectors, and co-financing contributions reached USD 114 million. The project directly benefited 66,883 individuals (35,375 men and 31,508 women) from 13,377 households. A national FLR Knowledge Management Portal was launched and being used for knowledge management and information sharing, and a monitoring framework for FOLAREP was also developed. Over 40 knowledge products were produced, including reports, journal articles, and policy briefs. Communities in carbon-rich landscapes earned KES 36.3 million in carbon credits. Lessons learned highlight the importance of site protection, addressing climatic and institutional delays, leveraging bio-enterprises for community engagement, and the need for localizing national policies. Sustainability planning and resource mobilization are critical for scaling and maintaining project impacts
B17: Please provide a summary paragraph on challenges of project implementation consistent with the information reported in section 2 and 3 of the PIR (Max 400 words) (This section will be uploaded to the GEF portal)
B18: The main challenges faced during implementation are linked to drought spells, desert locust infestation and disruptions associated with the Covid-19 pandemic.
B21: Implementation of Exit Strategy
B22: Has the project developed an Exit Strategy? If yes, please describe the progress to implement it. | F22: Yes A stakeholders workshop was held to develop the projects exit strategy and Endorsed by the 7th Project steering committee. Some of the agreed action plans are as below; National validation of Incentives and Benefit Sharing Regulations, 2025, Non-Timber Forest Strategy 2024 and Gums and Resins Regulations 2025 Presentation of the final regulations to CS adoption and transmission to the AG for finalization Lobbying for the gazettement of the regulations Awareness creation on the Regulations Write to the COG to cascade the documents to the counties Launching of the FOLAREP Laikipia (aligned with the Climate Change Action plan 2022 – 2027) and dissemination Mainstreaming the implementation within County budgets (ADPs, CIDPs) Engage County Assembly of Isiolo and relevant committees for lobbying (committee, public participation and debate and approval) Resource mobilization through proposal writing on different sectors e.g invasive species management-CFA/community/partners/County Government Lobby for integration of restoration efforts into CIDPs and ADPs-County Govt Strengthen seedbanks to sustain grass and tree planting materials Strengthen the community groups established Sensitization of Stakeholders on the FLR Portal Enhance ecotourism in Mt Kulal and Mukogodo and marketing as tourist destinations Establishing more hay farms in the landscapes processing machines that use energy efficient sources to be used in utilization of invasive species
B27: How is the project enhancing institutional capacities to foster country ownership for more durable / sustained results? | F27: The project has built the capacity of the Community forest associations(CFAs) in both landscapes. These are the communities institutions run by elders with a representation of all members of the community living adjacent to the forest. They are the entry points of all initiatives or partners coming to work in the ecosystems hence a strong and vibrant CFA is key to ensuring continuity of project activities. The project has also developed Participatory forest management plans for both ecosystems which act as the guiding tools for all investment coming into the ecosystems. This avoids duplicity and waste of resources.The county governments have also beeen a key part of all implementation and members of the PSC where all project decisions are made. As a sustainability mechanism, this goes a long way in ensuring the County directs all other key players/stakeholders in the most appropriate actions

Sheet 5. ESS Risk
B2: 5. Environmental and Social Safeguards (ESS): risks from the project
B4: Initial ESS Risk Classification (at CEO Endorsement/Approval Stage) | E4: Moderate Risk
B7: New environmental and social risks. | E7: There was no new environmental risk and social risk identified during the reporting period. There was however some flooding occasioned by the heavy rains but not to a serious extent
B15: Progress made towards implementing the Enivronmental and Social Management Plan (ESMP) (only for Moderate and High Risk Projects) | E15: Type of risks: 1. Political instability may hinder or interrupt support from the public sector for FLR 2. Political-institutional risk: Divergent priorities of projects partners and stakeholders with regards to FLR and alternative livelihoods Mitigation Actions: 1. The project will reach out to decision makers to raise awareness and interest for FLR. This will be done at all levels, to maximize the capacity of the project to reach its objectives. 2. Project partners will undertake several consultations to reach consensus on key issues during project implementation. Main project partners will be meeting at least once a year through the project steering committee. Status of implementation: 1. Awareness raising has been carried out and ongoing. Engagement of local leaders in all project interventions to ensure their support; 2. Consultations maintained with key partners in project steering committee meeting. Quarterly review and planning meetings used as a tool to check on partner divergent views
B23: Grievance Redress Mechanism (GRM) | E23: The community of Ilngwesi in Laikipia County had raised some concerns on how implementation by one of the LoA partners was not as per their expectation This was solved through a joint meeting and all concerns addressed and minutes of the meeting compiled.

Sheet 6. Risks to the Project
B2: 6. Risks to the Project
B4: The following table summarizes risks identified in the Project Document and reflects also any new risks identified during the project implementation.
C7: Type of risk | E7: Risk rating11 | F7: Identified in the ProDoc Y/N | G7: Description of Risk | L7: Mitigation measure implemented
B9: 1 | C9: Environmental | E9: Moderate | F9: Yes | G9: Drought may take place before the project has enabled communities to start diversifying their livelihoods. It may be so severe that it threatens crop, livestock survival, and forests thus curtailing the basis for development of value chains appropriate for food security. | L9: Budget revision has been done to include rehabilitation of more water projects Rainfall/Weather situation continues to be monitored. Meteorological information is shared through the County environmental committee meetings and with the communities through WhatsApp groups
B13: 2 | C13: Political | E13: Moderate | F13: Yes | G13: Political instability may hinder or interrupt support from the public sector for FLR | L13: Awareness raising has been carried out and ongoing. Engagement of local leaders in all project interventions to ensure their support
B17: 3 | C17: Institutional | E17: Low | F17: Yes | G17: Divergent priorities of projects partners and stakeholders with regards to FLR and alternative livelihoods | L17: Consultations maintained with key partners in project steering committee meeting. Quarterly review and planning meetings used as a tool to check on partner divergent views
B21: 4 | C21: Social | E21: Moderate | F21: Yes | G21: Reluctance to participate in the project activities by communities | L21: The project has embraced continuous awareness and capacity development of community leaders/opinion leaders e.g. through Walk wild events Participatory approach has been embraced in all project activities with active involvement of community representatives
B25: 5 | C25: Operational & Logistical | E25: Moderate | F25: Yes | G25: Project management risks such as delays, overspending, lack of coordination | L25: Quarterly planning of travel and procurement needs is mandatory for all units Qualified staff engaged as PMU. Regular consultations maintained with partners, BH, CTA and LTO
B29: 6 | C29: Environmental | E29: Moderate | F29: Yes | G29: Ecological risks posed by the implementation of environment restoration activities and water management activities | L29: The project is supported by KEFRI and KFS which possess a strong knowledge base on environmental management in the region so as to ensure that activities implemented do no harm. The project is supporting the community forest association directly which has fostered great working relations
B33: 7 | C33: Political | E33: Low | F33: No | G33: Forceful movement of people from the forest by the government may have consequences on project sustainability | L33: 2 PFMPs for both Mukogodo and Mt Kulal signed and supported by government. A participatory forest management approach with representation from all relevant stakeholders
B39: Project overall risk rating (Low, Moderate, Substantial or High):
B40: FY2024 rating | C40: FY2025 rating | D40: Comments/reason for the rating for FY2025 and any changes (positive or negative) in the rating since the previous reporting period
B42: Moderate | C42: Moderate | D42: No update on the risk level in the reporting year, as no significant changes in the project's environment have been reported.
B48: 11 Risk ratings means a rating of the overall risk of factors internal or external to the project which may affect implementation or prospects for achieving project objectives. Risk of projects should be rated on the following scale: Low, Moderate, Substantial or High.

Sheet 7. Follow-up on Mid-term review
B2: 7. Follow-up on Mid-term review or supervision mission
B4: If the project had an MTR or a supervision mission in 2024, please report on how the recommendations were implemented during this fiscal year as indicated in the Management Response or in the supervision mission report.
B7: MTR or supervision mission recommendations | F7: Measures implemented during this Fiscal Year
B9: Recommendation 1: in response to C1 – linked to relevance and sustainability - to FAO, national and sub-national stakeholders: the main findings and recommendations of the Total Economic Value (TEV) Study in the Mount Kulal Biosphere Reserve (MKBR) landscape and the Ecosystem Characterization Study conducted in the Mukogodo landscape should be discussed and reviewed in a workshop with selected stakeholders from the national, county and local communities to assess the ecosystem services that could be developed into voluntary payment for ecosystem services schemes (PES) to support implementation of forest management plans, in particular the Mount Kulal Ecosystem Management Plan (MKEMP) and the forest management plan of the ILMAMUSI Community Forest Association (CFA). | F9: Results of the TEV and the Ecosystem Characterization shared with County governments during preparation of their CIDPs. The community conservancies around Mukogodo forest have received carbon funds and are awaiting the second round of funding. Due to the project time-frames and set targets, the development of PES to support the FLR is not feasible, however government institutions, MDAs and other partners may utilize the findings to develop such a scheme; once adopted. There is no clear policy framework on PES in the country. Some of the recommendations from the surveys have been adopted in the development of the Mt.Kulal Ecosystem Management Plan (MKEMP) and the Mukogodo-participatory Forest Management Plan of the ILMAMUSI Community Forest Association (CFA) in Mukogodo ecosystem.
B11: Recommendation 2: in response to C2 – linked to effectiveness and factors affecting performance – to FAO, the PSC and the PMU: the PSC should elect at least one representative from the Ministry of Industrialization, Trade and Enterprise development (MITED) and at least one from the Private Sector Alliance, plus two from the private sector based in the ASAL region (specializing in gums and resins and hay/grass seed/medicinal plants) to become the focal points for guiding the development of the national policy on the development bio-enterprises linked to NTFPS and concentrate resources on the development of incubator services to support a selection of bio-enterprises that have the greatest potential to unite as many end beneficiaries as possible to support the development of economies of scale. It is recommended these representatives are also invited to sit on the national platform being developed to steer the implementation of the Forest Landscape Restoration Implementation Action Plan 2022-2025 (FOLAREP) and provide better guidance on securing alternative funding to donors to support the development of selected bio-enterprises (under Recommendation 1). | F11: The representative for the Ministry of Industrialization, Trade and Investment (MITI) is an Assistant Director named Ms.Purity Kamau. Further, Mr. Francis Oduor of CIAT was also endorsed as a PSC member. MITI and CIAT representatives who were officially welcomed during the 5th PSC continue to come or be represented in the 6th and 7th PSC.
B13: Recommendation 3:in response to C3 – linked to efficiency and factors affecting performance – to FAO, the PSC and the PMU: the project should be extended by 18 months to recover delays in implementation of main activities caused by external factors. This extension should be conditional on the PMU and implementing partners carrying out a review of the activities and targets listed in the PRODOC to determine which activities should be prioritized and clustered together to promote integrated approaches to realising project outputs. All targets should be reviewed and changed where they cannot be realistically achieved according to the resources, time and capacity available now and during the proposed prolongation period. In all cases activities should be prioritised on the basis that they will add most value to the FLR process and that there is a realistic chance the bio-enterprises become viable commercial concerns in the extension period. This should be followed by a review of the budget to determine where GEF funds should be prioritized and how new sources of co-finance should be identified and targeted to improve the ASAL project’s effectiveness and efficiency. | F13: The request for the extension of the project period was granted and the new end date being 31st December 2024 and later a further no cost extension granted to April 2025 and then 30 June 2025 to allow for finalisation of the terminal evaluation report.
B15: Recommendation 4: on C4 – linked to sustainability and factors affecting performance – to FAO, the PSC, the PMU and GCP: FAO-KE should make provisions to support the ASAL Project identify an effective risk management strategy that can be fully applied (with appropriate and effective mitigation measures) in all activities planned, under implementation and subject to monitoring. This should include the application of R1-R3 proposed above and, if possible, the risk categories applied in the PIR should be harmonised with the same categories applied in the GEF-FAO Guidelines for MTRs. | F15: Due to project time-frame, it was agreed that we shall continue with Risk Matrix (Annex 11), developed during the project development and consider the recommendations in future assignments. The Risk Mitigation measures were also done and thus the PMU is working to ensure, that they apply such mitigation as guided by the matrix.
B17: Recommendation 5 (R5) on C5 – linked to effectiveness, efficiency, sustainability and impact – to FAO/GCU, the PSC, the PMU and GCP: the MTR team recommends all three issues are dealt with through meetings between relevant stakeholders to agree on suitable solutions to the three main issues that are affecting the project’s performance and likely to restrict its long-term impact. | F17: New partners negotiations are happening with organizations such as ANI/ Borana on water provision, CABI international on integrated Landscape initiative where Laikipia/Ewaso Nyiro North Ecosystem is one of the landscapes in consideration. There has been continuous engagement with the relevant government ministries, departments and agencies with view of knowledge sharing. In this regard, the project has been working with KEFRI, KFS and NMK which are government agencies. The PMU has been conducting quarterly meetings with all implementing partners to review, evaluate lessons learned/challenges and plan together so that we achieve the desired targets. The project exit strategy is a way to ensure sustainability is achieved to continue and replicate the results/ success.
B19: Recommendation 6 (R6) on question 6 (Cross-cutting priorities) – on effectiveness and sustainability – to FAO and the PMU: the MTR team recommends a review of the Environmental and Social Management (ESM) Safeguards 2.1, 2.4, 3.2.2 and 4.7 is conducted in the next PIR, if possible, with the support of FAO’s ESM team. In addition, in support of the dialogue proposed on developing monitoring on the ecological health index of the FLR process in both project sites, discussion should include an assessment on developing indicators that would also facilitate monitoring of compliance with relevant criteria under Safeguard 2 (Protected areas, buffer zones, or natural habitats) and Safeguard 3 (Access and benefit sharing for genetic resources). | F19: The ESM was well articulated during the project development (Annex 12 below) and the PMU working with implementing partners are working to ensure that the recommended actions and mitigation measures in the ESM matrix are applied during implementation.
B21: Recommendation 7 (R7) on question 7 (gender) – on effectiveness and sustainability – to FAO and the PMU: the PMU should conduct a review of its monitoring of indicators on participation rates to break them down further into youth participation (male/female) and number of women/youths who, for example are members of boards of directors (including bio-enterprises), or who participate in decision-making roles | F21: Tracking of women and men already being done by all partners and going beyond and indicating the roles they are playing eg leadership roles and decision making as well as access to resources especially land and property and access to information through training.
B23: Recommendation 8 (R8) on question 8 (links to the global child project) – on efficiency and effectiveness – to FAO, the PMU and GCP: the MTR team recommends that GCP provides a more proactive role in: (i) providing short-term technical assistance to support the implementation of the recommendations of the MTRs with the aim of releasing the PMU from FAO’s recruitment procedures; (ii) the GCP supports all TRI projects agree on applying a set of qualitative indicators to support learning on TRI’s main achievements and shortcomings; (iii) GCP develops a more effective networking facility that is monitored to ensure TRI projects are communicating and exchanging information with each other and, in the case of Kenya, applying synergies to promote a united message on the role of FLR in supporting CCA/disaster risk reduction (DRR), climate change mitigation (CCM)/PES and development of resilient communities and value chains. Meanwhile, the ASAL Project should provide insights into innovative approaches such as the development of linkages with credible public sector institutions (including the Kenya Wildlife Service/Ministry of Tourism and Wildlife) that can provide both technical and production skills to support the development of incubation services and ecotourism services with the private sector that demonstrate the benefits of nature-based solutions to restoration, conservation and sustainable use of forest ecosystems. | F23: The GCP has been supporting in the training of the officers in the project and MDAs. The PMU has continuously been working with county government officers to support implementation as well as tool to ensure sustainability once the project closes since they will remain on the ground with the community. The project has undertaken a Knowledge, attitudes and practices survey after developing qualitative indicators and questions for the survey to get an understanding or learning- why implementation of some restoration activities are not taking root. These recommendations are currently being used in implementation of project activities Linkages with county governments has been taken up and are more supportive in giving technical support in terms of training and capacity building to the communities. E4Impact engagement with social enterprises incubator to support in the mentorship and incubation of restorative enterprises working within the project area. Involvement of government institutions such as NMK which is actively engaged in tourism and culture ministry in promoting ecotourism in Mt Kulal.

Sheet 8. Minor project amendments
B2: 8. Minor project amendments
B4: Minor amendments are changes to the design or implementation that do not have significant impact on the project objectives or scope, or an increase of the GEF project financing up to 5% as described in Annex 9 of the GEF Project and Program Cycle Policy Guidelines 12. Please describe any minor changes that the project has made under the relevant category or categories and provide supporting documents as an annex to this report if available. (This section will be uploaded to the GEF Portal)
B9: Category of change | D9: Provide a description of the change | I9: Indicate the timing of the change | J9: Approved by
B12: Results framework | D12: Addition of qualitative indicators on women and youth involvement Revision of targets of direct restoration from 8700 Ha to 4000 Ha | I12: After MTR | J12: MTR/PSC
B14: Components and cost | D14: No change
B16: Institutional and implementation arrangements | D16: Community groups engaged as LoA partners such as Kulal CFA, Ilmamusi CFA, Leparua and Narupa conservancies | I16: At different stages during project implementation, the latest entrant being Mt. Kulal CFA and East Africa Wildlife in 2024 | J16: PSC
B19: Financial management | D19: No change
B21: Implementation schedule | D21: Budget revision undertaken | I21: After MTR to support the implementation of the activities to during the No Cost Extension | J21: MTR/PSC/GEF OCB
B23: Executing Entity | D23: No change
B25: Executing Entity Category | D25: No change
B27: Minor project objective change | D27: No change
B29: Safeguards | D29: No change
B31: Risk analysis | D31: No change
B33: Increase of GEF project financing up to 5% | D33: No change
B36: Co-financing | D36: No change
B38: Location of project activity | D38: No change
B40: Other minor project amendment (define) | D40: No change
B45: 12 GEF Council meeting documents, guidelines, project and program cycle policy 2020 update

Sheet 9. Stakeholders' Engagement
C2: 9. Stakeholders' Engagement
C4: Please report on progress, challeges, and outcomes on stakeholder engagement (based on the description of the Stakeholder Engagement Plan) included at CEO Endorsement/Approval during this reporting period. (This section will be uploaded to the GEF Portal)
C8: Profile | E8: Stakeholder name | G8: Type of partnership | H8: Progress, results & Challenges on Stakeholder's Engagement
C9: Government Institutions | E9: Ministry of Environment Forestry and Climate Change | G9: Strategic partner | H9: Chair of project steering committee meetings Lean staff and lengthy processes in policy/strategy and adoption
C10: Government Institutions | E10: Kenya Forestry research institute (KEFRI) | G10: Lead Implementing partner | H10: Engaged in project oversight at PSC Lead in developing Forest regulations on equitable benefit sharing and strategy for sustainable commercialization of Non-timber Forest Products (NTFPs)
C11: Government Institutions | E11: Kenya Forest service (KFS) | G11: Implementing partner | H11: Sustainable development, management and utilization of the country’s forest resources delays in reporting in the last LOA due to into the electronic Tax Invoice Management Systems High turnovers in project focal staff
C12: Government Institutions | E12: National Museums of Kenya (NMK), | G12: Implementing partner | H12: Supporting the Mt. Kulal Biosphere Reserve Community Forest Association (KCFA) and the Mt. Kulal community to Operationalize the 2022 - 2026 Mt. Kulal Participatory Forest Management Plan”. Registration of Kulal community forest association
C13: Government Institutions | E13: County government of Marsabit | G13: Member of PSC | H13: Development of gums and resins strategy Development of county Environmental action plans (CEAPs) Limited co-funding
C14: Government Institutions | E14: County government of Laikipia | G14: Member of PSC | H14: Development of county Environmental action plans (CEAPs) Domestication of FOLAREP
C15: Government Institutions | E15: County government of Isiolo | G15: Member of PSC | H15: Development of county Environmental action plans (CEAPs) Development of county level policies
C16: NGOs | E16: Northern Rangelands Trust (NRT) | G16: Implementing partner | H16: Support development and operationalization of grazing and management plans for group ranches and conservancies and carry out restoration initiatives within Mukogodo forest landscapes. Carbon credits for 4 conservancies in Mukogodo High turnovers in project focal staff
C17: NGOs | E17: Laikipia Wildlife Forum (LWF). | G17: Implementing partner | H17: Restoration of Degraded Areas and Improvement in Water Accessibility in Il Ngwesi and Shulumai Community Lands and Institutional Support to Dupoto Co-operative Society in Mukogodo landscape. Development of 5 water infrastructure Capacity building of dupotobeekeepers Development of sub catchment management plan for Ngarendare WRUA
C18: Others | E18: National Community Forest Association (NACOFA) | G18: Strategic partner | H18: Collaboration in mobilization of Community Forest Associations and supported county and CFA consultations
C19: Private Sector entities | E19: Entrepreneurship for Impact(E4I) [E4 impact} | G19: Strategic partner | H19: Identification and support of entrepreneurs and other Eco-preneurs to upscale their Restoration related businesses and investments within the country
... C27: Private Sector entities | E27: Laikipia Permaculture Centre | G27: Strategic partner | H27: Training on value addition of Aloe and honey for the groups in Mukogodo Ecosystem Bio enterprise development coaching and mentoring as well as market linkage for the products

Sheet 10. Gender Mainstreaming
B2: 10. Gender Mainstreaming
B4: Information on Progress on Gender-responsive measures as documented at CEO Endorsement/Approval in the gender action plan or equivalent (when applicable) during this reporting period. (This section will be uploaded to the GEF Portal)
B6: Category | E6: Yes/No | F6: Briefly describe progress and results achieved during this reporting period.
B8: a. Closing gender gaps in access to and control overal natural resources | E8: Yes | F8: In collaboration with the lands programme, communities where Women and youth must be represented are now owning land under the community land act. Case in point is Ilngwesi, Maiyanat community land that have a title deed and have earned carbon credits for sustainable land management
B12: b. Improving women's participation and decision making | E12: Yes | F12: Leadership positions encouraged for all support coming from the project. Most community groups have one or two female/Youth in decision making roles especially women treasurers and youth secretaries to the groups. All four conservancies surrounding Mukogodo landscape have gotten Carbon credits and the women and youth are equal decision makers beneficiaries of community projects to be undertaken using these funds
B16: c. generating socio-economic benefits or services for women | E16: Yes | F16: In Bio enterprise development, women and youth are taking up businesses in Aloe, honey, and ecotourism. Carbon credits accrued by conservancies are decided on transparently and inclusively.
B20: Any other good practices on gender | E20: Yes | F20: M&E system with gender-disaggregated data Qualitative indicators on level of participation of women in local governance added

Sheet 11. Knowledge Management
B2: 11. Knowledge and Learning Activities
B4: Knowledge activities/products (when applicable), as outlined in Knowledge Management (and Learning) Approach approved at CEO Endorsement/Approval, during this reporting period. (This section will be uploaded to the GEF Portal)
B6: Knowledge management and Learning (KML): Does the project have a KML strategy? | E6: Yes
B8: If YES, what is the implementation progress? In your answer, please describe how the project is fostering knowledge sharing and learning among stakeholders at national and sub-national level. | E8: The Kenya TRI project is part of the global TRI programme and interacts with other TRI countries and shares experiences, lessons learnt and best practices through webinars and the restoration initiative d-groups. Information is shared through quarterly TRI newsletters, the d-groups, and the annual global TRI workshops. Articles are also published and distributed/shared through FLRM Newsletters. Good practices have been shared and published in the Framework for Ecosystem Restoration monitoring(FERM)
B10: If NO, how does the project identify, collect and document good practices?
B14: Please list good practices, including key-technical and/or institutional innovations, from the project thus far. | E14: Soil and water conservation using micro catchment technology Seedling protection using locally available materials Engaging local/community groups directly under LoAs to undertake restoration efforts- Brings about ownership Multi-stakeholder partnerships in developing policies/strategies- FOLAREP, Policy influencing plan(PIP), National Strategy on NTFPs etc
B20: Communication strategy: Does the project have a communication strategy? | E20: Yes
B23: Please provide a brief overview of the communications successes and challenges this fiscal year. | E23: Initiative and Good practices have been shared and published in the Framework for Ecosystem Restoration monitoring(FERM) https://ferm.fao.org/search/initiatives/6GWfXGYqFlLkTA8RzyjH Partner websites and newsletters e.g. LWF Communications FAO Quarterly reports Social media sharing of information on project activities using the FAOKE Twitter handle. @FAOKenya establishment of a national Knowledge Management System (KMS) for FLR https://flr.kefri.org
B29: Human-interest story: Please share a human-interest story from your project, focusing on how the project has helped to improve people's livelihoods while contributing to achieving the expected Global Environmental Benefits. Please indicate any Socio-economic Co-benefits that were generated by the project. Include at least one beneficiary quote and perspective, and please also include related photos and photo credits. | E29: A human story from Mukogodo landscape- Maiyanat community land https://www.therestorationinitiative.org/project/kenya-asal/ In the semi-arid lands in the shadow of Mount Kenya, seasonal rains sprout grass, which feeds the cows, goats, donkeys and camels on which the Maasai people of the Maiyanat community rely. “We neither farm nor engage in other businesses. We only depend on our livestock,” said Iratino Macharia Shuel, the leader of the Maiyanat community land management organisation. “Donkeys are our vehicles. The cows and the goats are our pillars for food and income.” With climate change, seasonal rains became unpredictable, and drylands contending with drought suddenly also face floods. Productive soils washed off into gullies, and feeding livestock became more challenging. “Often, we do not have enough grass. Our land is small compared to our human and livestock population. In Maiyanat, there is hardly a green place. Some places are bare lands with nothing.” “We have seen growth of grass where there was none,” said Raison Letutan, a youth leader in the Maiyanat community organization. “All we want is to see grass everywhere. That is our ultimate joy.”
B43: Please provide links to related website, social media account | E43: https://www.therestorationinitiative.org/project/kenya-asal/ | F43: https://www.kenyanews.go.ke/water-project-gives-sigh-of-relief-for-mukogodo-residents/ | G43: https://www.youtube.com/watch?v=ywqol0s5x08 | H43: https://www.youtube.com/watch?v=uhSdkP_pHoE | I43: https://x.com/FAOKenya/status/1663484272492134400?t=Vf-bxd3SDN4X3GEBeKm3uQ&s=08
E44: https://unfao.sharepoint.com/:v:/s/faoKE/EWGL7Hu-jRhLikJjUTAvtHsBWsFFvJZCoB7iJbrFa8uLyw?e=0HL1ch&nav=eyJyZWZlcnJhbEluZm8iOnsicmVmZXJyYWxBcHAiOiJTdHJlYW1XZWJBcHAiLCJyZWZlcnJhbFZpZXciOiJTaGFyZURpYWxvZy1MaW5rIiwicmVmZXJyYWxBcHBQbGF0Zm9ybSI6IldlYiIsInJlZmVycmFsTW9kZSI6InZpZXcifX0%3D
E45: https://docs.google.com/document/d/1Yg6GPURc79LuoSnaRN9Rh5W-iLIWr88e/edit#heading=h.61hv9lb9h14h
E46: https://www.fao.org/newsroom/story/investing-in-our-lands/en
B47: Please provide a list of publications, leaflets, video materials, newsletters, or other communications assets publised on the web, if any. | E47: https://unfao-my.sharepoint.com/:v:/g/personal/patrick_mugi_fao_org/EbOF6HoWTWROhyiT-v2xj-MBTTU1dJKwyRN-OGdc9Gb1FA?e=8hyc2T&nav=eyJwbGF5YmFja09wdGlvbnMiOnt9LCJyZWZlcnJhbEluZm8iOnsicmVmZXJyYWxBcHAiOiJTdHJlYW1XZWJBcHAiLCJyZWZlcnJhbE1vZGUiOiJtaXMiLCJyZWZlcnJhbFZpZXciOiJwb3N0cm9sbC1jb3B5bGluayIsInJlZmVycmFsUGxheWJhY2tTZXNzaW9uSWQiOiJiMWU1NDI0Ny1kMzEwLTQyMDAtOTIzMi0zOWNhMjM1MDZiZjQifX0%3D
E48: https://unfao.sharepoint.com/sites/faoKE/Shared%20Documents/Forms/AllItems.aspx?id=%2Fsites%2FfaoKE%2FShared%20Documents%2FFAO%20Kenya%20General%20Filing%20System%2FProgramme%2FNRM%20SUB%20PROGRAMME%2FGCP%2DKEN%2D090%2DGFF%2FSUCCESS%20STORIES%2FMt%2E%20Kulal%20PFMP%20Revised%2E%20Final%20for%20Print%2Epdf&parent=%2Fsites%2FfaoKE%2FShared%20Documents%2FFAO%20Kenya%20General%20Filing%20System%2FProgramme%2FNRM%20SUB%20PROGRAMME%2FGCP%2DKEN%2D090%2DGFF%2FSUCCESS%20STORIES&p=true&ga=1
E49: https://unfao.sharepoint.com/sites/faoKE/Shared%20Documents/Forms/AllItems.aspx?id=%2Fsites%2FfaoKE%2FShared%20Documents%2FFAO%20Kenya%20General%20Filing%20System%2FProgramme%2FNRM%20SUB%20PROGRAMME%2FGCP%2DKEN%2D090%2DGFF%2FSUCCESS%20STORIES%2FMukogodo%20PFMP%202023%20%2D%202027%2Epdf&parent=%2Fsites%2FfaoKE%2FShared%20Documents%2FFAO%20Kenya%20General%20Filing%20System%2FProgramme%2FNRM%20SUB%20PROGRAMME%2FGCP%2DKEN%2D090%2DGFF%2FSUCCESS%20STORIES&p=true&ga=1
B51: Please indicate the Communication and/or knowledge management focal point's name and contact detais. | E51: Othieno, Joseph (FAOKE) Joseph.Othieno@fao.org

Sheet 12. Indigenous & Local Involve.
B2: 12. Indigenous Peoples and Local Communites Involvement
B4: Are Indigenous Peoples and local communities involved in the project (as per the approved Project Document)? If yes, please briefly explain.
B6: If applicable, please describe the process and current status of on-going/completed, legitimate consultations to obtain Free, Prior and Informed Consent (FPIC) with the indigenous communities. A Free Prior and Informed consent report on the indigenous people and forest dependent communities has already undertaken in Mt Kulal and Mukogodo landscapes of Kenya. The FPIC process for the two landscapes (Mt Kulal and Mukogodo) was conducted in a participatory manner. The process was structured to ensure that indigenous persons and forest adjacent community were given opportunity to express their views and reassured that the project activities will respect their dignity, rights, interests, cultural specificity and that they will benefit from all the advantages of the project. The exercise was conducted to; i. Carry out iterative discussions through which project information was disclosed in a transparent way) ii. Design a participatory communication plan iii. Seek consent, document Indigenous Peoples’ needs that are to be included into the project and agree on a feedback and complaints mechanism The information was gathered through Literature review and Community consultative meetings. Effort was made to ensure equity in the selection of representatives in the FPIC discussions with emphasis on representation by elders, women groups, user groups including CFAs, the youth, and persons abled differently. The consultative sessions were aimed at (1) providing participants with comprehensive information on the TRI project, (2) participatory mapping of culturally important sites (3) Determine a communication structure and community engagement with a feedback and complaints mechanism. Participatory approaches were used to gather information during the consultation meeting with the community. This was done to ensure that the discussion agendas and control of session was fully given to local communities for a more open discourse. The communities were able to undertake participatory mapping which identified sites that are important to them and were able to clearly articulate activities permissible or not in these sites. The community were also able to outline communication structures and modes they use. They were able to articulate potential conflict that might arise during the project implementation and possible redress mechanism Do indigenous peoples and/or local communities have an active partcipation in the project activities? If yes, briefly describe how. A Participatory approach to all project processes and activities has been taken to ensure free and prior consent of any indigenous people who may be in the project site. The ILMAMUSI CFA in Mukogodo landscape and Wazee Wa Mazingira in Mt Kulal are the two community structures that the project is using to reach and communicate with the community. The county governments of Marsabit, Isiolo and Laikipia are also fully informed prior to any intervention by the project to build a sense of ownership and respect. Another Indigenous community is the Ilngwesi community who reside in Ilngwesi and Makurian group ranches. The leadership of the ILMAMUSI, which is an acronym for all the group ranches within the landscape, is composed of leaders of the group ranches forming the committee and board of the CFA (Community Forest association). Their interests are thus catered for under all interventions by the project since the project uses the community structure (ILMAMUSI CFA) to reach the beneficiaries. In case of grievances by any of the communities, they have their own local problem resolving structures that are respected by all and are very effective in resolving disputes as no one goes against them. Provincial administration for arbitration is usually the last option and is rarely taken. After the new constitution of ILMAMUSI CFA, elections were held, and a Yaaku community member is now the secretary to the CFA.

Sheet 13. Co-Financing Table
B2: 13. Co-Financing Table
B4: Sources of Co-financing | D4: Name of Co-financer | I4: Type of Co-financing | K4: Amount Confirmed at CEO endorsement/approval (in USD) | N4: Actual Amount Materialized at 30 June 2025 (in USD)
B6: WaTER (KEFRI)# | D6: KEFRI | I6: In-kind | K6: 500000 | N6: 0
B7: CADEP (KEFRI)# | D7: KEFRI | I7: In-kind | K7: 4000000 | N7: 327273
B8: IPBRCC (KEFRI)# | D8: KEFRI | I8: In-kind | K8: 2000000 | N8: 518181
B9: Land Prog. (FAO)* | D9: FAO | I9: In-kind | K9: 4300000 | N9: 4300000
B10: RAELOC (FAO)* | D10: FAO | I10: In-kind | K10: 1700000 | N10: 1700000
B11: TWENDE | D11: KEFRI | I11: In-kind | N11: 348000
B12: SFS-CORREC (KEFRI) | D12: KEFRI | I12: In-kind
B13: M-star rooted seedlings | D13: KEFRI | I13: In-kind
B14: Others | D14: KOICA (FAO) | I14: In-kind | N14: 2000000
B15: Others | D15: JICA-GOK | I15: In-kind | N15: 2653747
B16: Others | D16: GOK-KEFRI | I16: In-kind | N16: 1424294
B17: Others | D17: ICRAF-UKPACT-FAO | N17: 202500
B18: Total | I18: Total | K18: =SUM(K6:K16) -> 12500000 | N18: =SUM(N6:P17) -> 13473995
B21: Please explain any significant changes in project co-financing since CEO Endorsement/Approval, or differences between the pledged and materialized co-financing amounts.
B23: GEF CoFinancing Guidelines 2018

Sheet 14. GEO Location
B2: 14. Geo Location Information
B4: This section should be completed ONLY by projects with 1st PIR and in case the geographic coverage of project activities has changed since last reporting period. This information is required by GEF Secretariat in GEF Portal
B6: Are there any changes in the geographic coverage of the project activities since the last PIR report? | K6: No
B9: Location Name | E9: Latitude | G9: Longitude | I9: Geo Name ID | L9: Location & Activity Description*

Sheet Annex
A2: Annex. Monitoring Area-based GEF Core Indicator Commitments and Progress with FERM
A4: The Framework for Ecosystem Restoration Monitoring (FERM), developed by FAO, is the official monitoring platform for tracking global progress and disseminating good practices for the UN Decade of Ecosystem Restoration. The FERM can serve as an integrated GIS-based platform, providing GEF staff and all relevant stakeholders the chance to display the progress of committed versus achieved land under restoration or under improved management for conservation and sustainable use, along with clear results such as the percentage of project achievement. Having a common tracking and monitoring platform allows users to comprehensively assess and report on project progress. A user-friendly dashboard showcasing project results gives stakeholders a clear understanding of the extent to which project targets have been achieved. Projects with area-based GEF Core Indicators (GEF Core Indicators 1-5 and LDCF Core Indicator 2) are encouraged to register in the FERM platform.
A5: Useful links:
A6: • FERM website
A7: • FERM User Guide (PDF)
A8: • FERM YouTube channel
A9: • Email Carmen Morales
A24: 26 It also supports countries in reporting areas under restoration for the Kunming-Montreal GBF Target 2 (areas under restoration) for which FAO is the custodian agency.
